[ AOE2 MATCH · #504575918 ]
UnrankedBerbers vs Vikings
Player's team · LOSS
Rival team · WIN
[ REPLAY ANALYSIS · EXTRACTED FROM THE RECORDED GAME ]
Feudal
13:10
Castle
26:52
Imperial
44:55
| APM avg | 74.9 |
| APM peak | 111 |
| eAPM avg | 34.1 |
| Villagers / military | 303 / 655 |
Focus
⚔️ 44.4% · 🌾 55.6%
Scout Cavalry ×449 · Camel Archer ×85 · Genitour ×49 · Skirmisher ×13 · Archer ×12 · Militia ×11
Feudal
9:27
Castle
24:58
Imperial
44:08
| APM avg | 51.4 |
| APM peak | 88 |
| eAPM avg | 33.2 |
| Villagers / military | 242 / 658 |
Focus
⚔️ 53.5% · 🌾 46.5%
Spearman ×307 · Skirmisher ×165 · Archer ×68 · Scout Cavalry ×46 · Berserk ×34 · Trebuchet (Packed) ×21
Match map
Initial resources + every placement click. Lines = walls · curves = elevation contours. ◆ gold · ⬟ stone · ● berries · ✦ relic · ◌ wall gap
Your base· Open — unwalled flank
Chili's base· ✓ Closed at 24:58 · 109t walls · 1 gate(s)
Smoothed initial terrain · ◌ = detected wall gap · hover for details
Inputs per minute
— Berrante - - Chili
Build order — Berrante
First 150 of 1217 actions detected
| 0:00 | Queue | Villager (Male) |
| 0:01 | Queue | Villager (Male) |
| 0:02 | Build | House |
| 0:03 | Build | House |
| 0:06 | Queue | Villager (Male) |
| 0:06 | Queue | Villager (Male) |
| 0:06 | Queue | Villager (Male) |
| 1:24 | Queue | Villager (Male) |
| 1:25 | Queue | Villager (Male) |
| 2:03 | Queue | Villager (Male) |
| 2:03 | Queue | Villager (Male) |
| 2:17 | Queue | Villager (Male) |
| 2:17 | Queue | Villager (Male) |
| 2:45 | Queue | Villager (Male) |
| 2:45 | Queue | Villager (Male) |
| 3:02 | Build | Barracks |
| 3:12 | Queue | Villager (Male) |
| 3:13 | Queue | Villager (Male) |
| 3:44 | Queue | Militia |
| 3:49 | Queue | Villager (Male) |
| 3:49 | Queue | Villager (Male) |
| 4:08 | Queue | Militia |
| 4:12 | Build | House |
| 4:16 | Research | Loom |
| 4:17 | Research | Loom |
| 4:49 | Queue | Villager (Male) |
| 4:49 | Queue | Villager (Male) |
| 4:56 | Queue | Villager (Male) |
| 4:56 | Queue | Villager (Male) |
| 5:18 | Queue | Villager (Male) |
| 5:18 | Queue | Villager (Male) |
| 5:26 | Build | House |
| 5:43 | Queue | Militia |
| 5:43 | Queue | Militia |
| 5:55 | Queue | Villager (Male) |
| 6:07 | Queue | Villager (Male) |
| 6:37 | Build | Lumber Camp |
| 6:47 | Queue | Militia |
| 6:53 | Queue | Villager (Male) |
| 6:54 | Queue | Villager (Male) |
| 7:19 | Build | House |
| 7:41 | Build | House |
| 7:44 | Build | House |
| 7:50 | Queue | Villager (Male) |
| 8:06 | Queue | Villager (Male) |
| 8:23 | Build | Mill |
| 8:33 | Queue | Villager (Male) |
| 9:06 | Queue | Villager (Male) |
| 9:12 | Build | Mill |
| 9:21 | Queue | Villager (Male) |
| 9:43 | Build | Palisade Wall |
| 9:43 | Build | Palisade Wall |
| 9:44 | Build | Palisade Wall |
| 9:59 | Queue | Villager (Male) |
| 10:02 | Build | Farm |
| 11:00 | Research | Feudal Age |
| 11:00 | Research | Feudal Age |
| 11:19 | Build | Mining Camp |
| 11:31 | Queue | Militia |
| 11:32 | Queue | Militia |
| 11:45 | Build | Palisade Wall |
| 11:57 | Queue | Militia |
| 11:57 | Queue | Militia |
| 11:58 | Queue | Militia |
| 12:10 | Queue | Militia |
| 12:16 | Build | Palisade Wall |
| 12:17 | Build | Palisade Wall |
| 12:18 | Build | Palisade Wall |
| 13:10 | Age | Feudal Age |
| 13:15 | Queue | Villager (Male) |
| 13:17 | Research | Double-Bit Axe |
| 13:20 | Research | Town Watch |
| 13:21 | Research | Wheelbarrow |
| 13:27 | Build | Archery Range |
| 13:33 | Research | Man-at-Arms (upgrade) |
| 13:34 | Research | Man-at-Arms (upgrade) |
| 13:43 | Build | House |
| 13:45 | Build | House |
| 13:46 | Build | Palisade Wall |
| 14:08 | Queue | Villager (Male) |
| 14:08 | Queue | Villager (Male) |
| 14:24 | Queue | Skirmisher |
| 14:24 | Queue | Skirmisher |
| 14:56 | Queue | Archer |
| 14:56 | Queue | Archer |
| 14:56 | Queue | Archer |
| 15:06 | Build | Lumber Camp |
| 15:10 | Build | House |
| 15:22 | Queue | Skirmisher |
| 15:32 | Build | Farm |
| 16:27 | Queue | Archer |
| 16:27 | Queue | Archer |
| 16:33 | Build | Archery Range |
| 16:42 | Build | Farm |
| 16:43 | Build | Farm |
| 16:45 | Build | Farm |
| 16:48 | Build | Farm |
| 16:49 | Build | Farm |
| 16:50 | Build | Farm |
| 16:56 | Queue | Villager (Male) |
| 16:56 | Queue | Villager (Male) |
| 17:01 | Queue | Archer |
| 17:28 | Build | Blacksmith |
| 17:39 | Build | Farm |
| 17:42 | Queue | Archer |
| 17:43 | Queue | Archer |
| 17:43 | Queue | Archer |
| 17:54 | Queue | Villager (Male) |
| 17:54 | Queue | Villager (Male) |
| 17:58 | Build | Farm |
| 18:12 | Build | Farm |
| 18:15 | Queue | Villager (Male) |
| 18:16 | Queue | Villager (Male) |
| 18:18 | Build | House |
| 18:20 | Queue | Skirmisher |
| 18:30 | Queue | Villager (Male) |
| 18:50 | Queue | Skirmisher |
| 18:51 | Queue | Skirmisher |
| 19:09 | Queue | Skirmisher |
| 19:10 | Queue | Skirmisher |
| 19:22 | Build | Mill |
| 19:28 | Queue | Villager (Male) |
| 19:29 | Queue | Villager (Male) |
| 19:37 | Queue | Villager (Male) |
| 19:37 | Queue | Villager (Male) |
| 19:56 | Queue | Villager (Male) |
| 19:57 | Queue | Villager (Male) |
| 20:04 | Build | Farm |
| 20:12 | Queue | Archer |
| 20:13 | Queue | Archer |
| 20:13 | Queue | Archer |
| 20:28 | Research | Fletching |
| 20:29 | Research | Fletching |
| 20:41 | Queue | Skirmisher |
| 20:42 | Queue | Skirmisher |
| 20:42 | Queue | Villager (Male) |
| 20:45 | Build | Farm |
| 20:59 | Build | Farm |
| 21:01 | Build | Farm |
| 21:01 | Build | Farm |
| 21:07 | Queue | Villager (Male) |
| 21:23 | Queue | Skirmisher |
| 21:26 | Build | Farm |
| 21:26 | Build | Farm |
| 21:37 | Queue | Villager (Male) |
| 21:41 | Queue | Skirmisher |
| 21:42 | Queue | Skirmisher |
| 22:13 | Research | Padded Archer Armor |
| 22:13 | Research | Padded Archer Armor |
| 22:16 | Queue | Villager (Male) |
Build order — Chili
First 150 of 1045 actions detected
| 0:01 | Queue | Villager (Male) |
| 0:01 | Queue | Villager (Male) |
| 0:02 | Build | House |
| 0:03 | Build | House |
| 0:08 | Queue | Villager (Male) |
| 0:08 | Queue | Villager (Male) |
| 0:08 | Queue | Villager (Male) |
| 1:23 | Queue | Villager (Male) |
| 1:24 | Queue | Villager (Male) |
| 2:05 | Queue | Villager (Male) |
| 2:05 | Queue | Villager (Male) |
| 2:21 | Queue | Villager (Male) |
| 2:21 | Queue | Villager (Male) |
| 2:23 | Build | Lumber Camp |
| 2:49 | Queue | Villager (Male) |
| 2:49 | Queue | Villager (Male) |
| 3:08 | Build | House |
| 3:24 | Build | House |
| 3:31 | Queue | Villager (Male) |
| 3:31 | Queue | Villager (Male) |
| 4:13 | Queue | Villager (Male) |
| 4:13 | Queue | Villager (Male) |
| 4:42 | Queue | Villager (Male) |
| 4:42 | Queue | Villager (Male) |
| 4:56 | Build | Palisade Wall |
| 5:00 | Build | Palisade Wall |
| 5:01 | Build | Palisade Wall |
| 5:08 | Queue | Villager (Male) |
| 5:08 | Queue | Villager (Male) |
| 5:37 | Queue | Villager (Male) |
| 6:01 | Build | Barracks |
| 6:03 | Queue | Villager (Male) |
| 6:37 | Build | House |
| 6:39 | Research | Loom |
| 7:17 | Research | Feudal Age |
| 7:35 | Queue | Militia |
| 8:03 | Build | Mining Camp |
| 8:05 | Queue | Militia |
| 8:20 | Build | House |
| 8:28 | Queue | Militia |
| 9:03 | Build | Mill |
| 9:27 | Age | Feudal Age |
| 9:31 | Build | Mill |
| 9:53 | Build | Palisade Wall |
| 9:55 | Build | Palisade Wall |
| 9:59 | Build | Palisade Wall |
| 10:06 | Research | Man-at-Arms (upgrade) |
| 10:12 | Build | Palisade Wall |
| 10:28 | Build | Archery Range |
| 11:00 | Queue | Villager (Male) |
| 11:04 | Queue | Villager (Male) |
| 11:20 | Build | House |
| 11:27 | Queue | Archer |
| 11:40 | Build | Palisade Wall |
| 11:45 | Queue | Archer |
| 11:57 | Queue | Villager (Male) |
| 12:00 | Build | Palisade Wall |
| 12:04 | Build | Palisade Wall |
| 12:08 | Queue | Archer |
| 12:15 | Research | Double-Bit Axe |
| 12:15 | Research | Double-Bit Axe |
| 12:31 | Build | House |
| 12:32 | Queue | Villager (Male) |
| 12:42 | Queue | Archer |
| 12:47 | Build | Palisade Wall |
| 12:52 | Build | Palisade Wall |
| 12:56 | Build | Palisade Gate |
| 12:58 | Queue | Villager (Male) |
| 13:17 | Queue | Archer |
| 13:18 | Queue | Villager (Male) |
| 13:24 | Build | House |
| 13:28 | Build | Palisade Wall |
| 13:44 | Queue | Archer |
| 13:50 | Queue | Villager (Male) |
| 13:50 | Queue | Villager (Male) |
| 13:52 | Build | Farm |
| 13:56 | Build | Palisade Wall |
| 14:06 | Queue | Archer |
| 14:35 | Build | Palisade Wall |
| 14:36 | Build | Palisade Wall |
| 14:39 | Queue | Archer |
| 14:41 | Queue | Archer |
| 14:42 | Queue | Villager (Male) |
| 14:43 | Build | Farm |
| 15:05 | Queue | Archer |
| 15:08 | Queue | Villager (Male) |
| 15:10 | Build | Lumber Camp |
| 15:26 | Queue | Villager (Male) |
| 15:34 | Build | Palisade Wall |
| 15:41 | Build | Blacksmith |
| 15:41 | Queue | Villager (Male) |
| 15:56 | Queue | Archer |
| 16:03 | Queue | Villager (Male) |
| 16:10 | Queue | Villager (Male) |
| 16:14 | Queue | Archer |
| 16:30 | Build | Palisade Wall |
| 16:52 | Build | Farm |
| 16:53 | Build | Farm |
| 16:54 | Build | Farm |
| 17:01 | Build | Farm |
| 17:03 | Build | Farm |
| 17:03 | Queue | Villager (Male) |
| 17:06 | Build | House |
| 17:09 | Queue | Archer |
| 17:25 | Queue | Villager (Male) |
| 17:39 | Build | Farm |
| 17:41 | Build | Farm |
| 17:41 | Build | Farm |
| 17:42 | Build | Farm |
| 17:48 | Build | House |
| 18:01 | Build | Stone Wall |
| 18:04 | Build | Stone Wall |
| 18:07 | Build | Stone Wall |
| 18:12 | Queue | Villager (Male) |
| 18:14 | Build | Stone Wall |
| 18:16 | Build | Stone Wall |
| 18:18 | Queue | Villager (Male) |
| 18:19 | Build | House |
| 18:21 | Build | Farm |
| 18:22 | Queue | Archer |
| 18:27 | Queue | Archer |
| 18:31 | Build | Stone Wall |
| 18:34 | Build | Stone Wall |
| 18:47 | Research | Fletching |
| 18:51 | Build | Stone Wall |
| 18:53 | Queue | Villager (Male) |
| 19:01 | Queue | Villager (Male) |
| 19:10 | Queue | Villager (Male) |
| 19:14 | Build | Stone Wall |
| 19:17 | Build | Farm |
| 19:35 | Queue | Archer |
| 19:37 | Build | Lumber Camp |
| 19:40 | Build | House |
| 19:42 | Build | Palisade Wall |
| 19:43 | Queue | Villager (Male) |
| 20:05 | Research | Padded Archer Armor |
| 20:10 | Build | House |
| 20:11 | Build | House |
| 20:12 | Build | Palisade Wall |
| 20:17 | Queue | Archer |
| 20:25 | Queue | Villager (Male) |
| 20:46 | Queue | Villager (Male) |
| 20:53 | Build | Market |
| 20:54 | Queue | Villager (Male) |
| 21:01 | Build | House |
| 21:02 | Queue | Villager (Male) |
| 21:03 | Queue | Archer |
| 21:18 | Build | Stone Wall |
| 21:21 | Build | Stone Wall |
| 21:47 | Build | Stone Wall |
Match timeline
| 3:02 | Berrante · first_building Barracks |
| 4:56 | Chili · wall_segment Palisade Wall x1 |
| 5:00 | Chili · wall_segment Palisade Wall x1 |
| 5:01 | Chili · wall_segment Palisade Wall x1 |
| 6:01 | Chili · first_building Barracks |
| 9:27 | Chili · age_up feudal |
| 9:43 | Berrante · wall_segment Palisade Wall x1 |
| 9:43 | Berrante · wall_segment Palisade Wall x1 |
| 9:44 | Berrante · wall_segment Palisade Wall x1 |
| 9:53 | Chili · wall_segment Palisade Wall x2 |
| 9:55 | Chili · wall_segment Palisade Wall x1 |
| 9:59 | Chili · wall_segment Palisade Wall x1 |
| 10:12 | Chili · wall_segment Palisade Wall x1 |
| 10:28 | Chili · first_building Archery Range |
| 11:40 | Chili · wall_segment Palisade Wall x4 |
| 11:45 | Berrante · wall_segment Palisade Wall x1 |
| 12:00 | Chili · wall_segment Palisade Wall x1 |
| 12:04 | Chili · wall_segment Palisade Wall x3 |
| 12:16 | Berrante · wall_segment Palisade Wall x1 |
| 12:17 | Berrante · wall_segment Palisade Wall x1 |
| 12:18 | Berrante · wall_segment Palisade Wall x1 |
| 12:47 | Chili · wall_segment Palisade Wall x3 |
| 12:52 | Chili · wall_segment Palisade Wall x2 |
| 13:10 | Berrante · age_up feudal |
| 13:27 | Berrante · first_building Archery Range |
| 13:28 | Chili · wall_segment Palisade Wall x11 |
| 13:46 | Berrante · wall_segment Palisade Wall x1 |
| 13:56 | Chili · wall_segment Palisade Wall x11 |
| 14:35 | Chili · wall_segment Palisade Wall x1 |
| 14:36 | Chili · wall_segment Palisade Wall x1 |
| 15:34 | Chili · wall_segment Palisade Wall x4 |
| 16:30 | Chili · wall_segment Palisade Wall x5 |
| 18:01 | Chili · wall_segment Stone Wall x1 |
| 18:04 | Chili · wall_segment Stone Wall x1 |
| 18:07 | Chili · wall_segment Stone Wall x1 |
| 18:14 | Chili · wall_segment Stone Wall x1 |
| 18:16 | Chili · wall_segment Stone Wall x1 |
| 18:31 | Chili · wall_segment Stone Wall x5 |
| 18:34 | Chili · wall_segment Stone Wall x1 |
| 18:51 | Chili · wall_segment Stone Wall x4 |
| 19:14 | Chili · wall_segment Stone Wall x5 |
| 19:42 | Chili · wall_segment Palisade Wall x1 |
| 20:12 | Chili · wall_segment Palisade Wall x8 |
| 21:18 | Chili · wall_segment Stone Wall x1 |
| 21:21 | Chili · wall_segment Stone Wall x2 |
| 21:47 | Chili · wall_segment Stone Wall x1 |
| 22:15 | Chili · first_market_buy 100 food |
| 22:56 | Chili · wall_segment Stone Wall x5 |
| 22:58 | Chili · wall_segment Stone Wall x6 |
| 23:10 | Chili · wall_segment Stone Wall x1 |
| 23:11 | Chili · wall_segment Stone Wall x1 |
| 23:41 | Chili · wall_segment Stone Wall x2 |
| 23:43 | Chili · wall_segment Stone Wall x1 |
| 23:46 | Chili · first_market_sell 100 food |
| 23:57 | Chili · wall_segment Stone Wall x5 |
| 24:13 | Chili · wall_segment Stone Wall x3 |
| 24:16 | Chili · wall_segment Stone Wall x1 |
| 24:18 | Chili · wall_segment Stone Wall x2 |
| 24:24 | Chili · wall_segment Stone Wall x1 |
| 24:58 | Chili · age_up castle |
| 25:30 | Berrante · first_building Stable |
| 25:46 | Chili · wall_segment Stone Wall x2 |
| 26:52 | Berrante · age_up castle |
| 27:14 | Chili · first_building Siege Workshop |
| 33:45 | Chili · first_building Monastery |
| 34:29 | Berrante · first_building Monastery |
| 34:52 | Chili · wall_segment Stone Wall x3 |
| 35:14 | Chili · wall_segment Stone Wall x1 |
| 37:14 | Berrante · first_building Siege Workshop |
| 39:13 | Chili · first_building Castle |
| 40:02 | Berrante · first_building Castle |
| 40:57 | Chili · wall_segment Stone Wall x2 |
| 41:50 | Berrante · first_market_buy 100 food |
| 42:57 | Chili · wall_segment Stone Wall x1 |
| 44:08 | Chili · age_up imperial |
| 44:55 | Berrante · age_up imperial |
| 45:03 | Berrante · wall_segment Palisade Wall x1 |
| 48:30 | Chili · wall_segment Stone Wall x10 |
| 52:43 | Chili · wall_segment Stone Wall x7 |
| 53:32 | Chili · wall_segment Stone Wall x4 |
| 64:01 | Chili · wall_segment Stone Wall x1 |
| 69:15 | Chili · first_building Stable |
| 73:05 | Berrante · wall_segment Stone Wall x1 |
| 73:22 | Berrante · wall_segment Stone Wall x1 |
| 73:24 | Berrante · wall_segment Stone Wall x1 |
| 76:32 | Berrante · first_market_sell 100 food |
| 77:07 | Berrante · resign |
[ AI ANALYSIS · 1 CREDIT ]
What really happened in this match?
Wolo.gg analyzes every decision: build order, eco, micro, common mistakes by bracket. Personalized analysis on WhatsApp or Discord in 30 seconds.
Civ guide
Berbers
Perfil
Jugador #567639